 Dungeon Crawl Stone Soup version 0.29.1-15-g9cfb28693d (webtiles) character file.

Game seed: 14705897160392391443

14 StoneEye the Trooper (level 2, -1/25 HPs)
             Began as a Palentonga Berserker on Mar 30, 2023.
             Was a Follower of Trog.
             Slain by a gnoll
             ... wielding a +1 vorpal spear
              (7 damage)
             ... on level 1 of the Dungeon.
             The game lasted 00:02:15 (305 turns).

StoneEye the Trooper (Palentonga Berserker)          Turns: 305, Time: 00:02:16

Health: -1/25      AC:  4    Str: 22    XL:     2   Next: 31%
Magic:  2/2        EV:  9    Int:  7    God:    Trog [*.....]
Gold:   0          SH:  0    Dex:  9    Spells: 1/1 levels left

rFire   . . .      SeeInvis +   a - +0 mace
rCold   . . .      Faith    .   (no shield)
rNeg    . . .      Spirit   .   b - +0 animal skin
rPois   .          Reflect  .   (no helmet)
rElec   .          Harm     .   (no cloak)
rCorr   .          Rampage  .   (no gloves)
Will    .....                   (no barding)
Stlth   +.........              (no amulet)
HPRegen 0.08/turn               (no ring)
MPRegen 0.08/turn               (no ring)

@: no status effects
A: large, rugged brown scales 3, see invisible, deformed body, roll 1, armoured
tail
a: Rolling Charge, Renounce Religion, Berserk


You were on level 1 of the Dungeon.
You worshipped Trog.
Trog was aware of your devotion.
You visited 1 branch of the dungeon, and saw 1 of its levels.

Inventory:

Hand Weapons
 a - a +0 mace (weapon)
Armour
 b - a +0 animal skin (worn)
Scrolls
 c - a scroll of brand weapon {unknown}


   Skills:
 + Level 3.2 Fighting
 + Level 3.1 Maces & Flails
 + Level 1.8 Armour
 + Level 1.8 Dodging


You had one spell level left.
You didn't know any spells.
Your spell library was empty.

Dungeon Overview and Level Annotations

Branches:
Dungeon (1/15)

Altars:


Innate Abilities, Weirdness & Mutations

You are completely covered in rugged brown scales. (AC +3, +7% HP)
You have supernaturally acute eyesight. (SInv)
Armour fits poorly on your strangely shaped body.
You can roll at nearby foes to attack.
You have a long armoured tail.


Message History

You see here a rat corpse.
A kobold comes into view. It is wielding a +0 whip.
The kobold shouts!
A gnoll comes into view. It is wielding a +1 vorpal spear.
The gnoll shouts!
A ball python comes into view.
The kobold drinks a potion.
The kobold flickers and vanishes for a moment.
You hit the ball python but do no damage.
Your tail-slap misses the ball python.
The ball python barely misses you. x2
You hit the ball python.
You kill the ball python!
Trog accepts your kill.
You hit the kobold.
You kill the kobold!
Trog accepts your kill. The gnoll closely misses you.
Items here: ( ) ††.
You hit the gnoll.
The gnoll is heavily wounded.
The gnoll hits you with a +1 vorpal spear.
You hit the gnoll but do no damage.
The gnoll is moderately wounded.
The gnoll hits you with a +1 vorpal spear.
The gnoll barely misses you.
You barely miss the gnoll.
The gnoll is moderately wounded.
The gnoll barely misses you.
You barely miss the gnoll.
The gnoll is moderately wounded.
The gnoll hits you with a +1 vorpal spear.
You hit the gnoll.
The gnoll is severely wounded.
The gnoll barely misses you.
You closely miss the gnoll.
The gnoll is severely wounded.
The gnoll hits you with a +1 vorpal spear.
* * * LOW HITPOINT WARNING * * *
x2 The gnoll hits you with a +1 vorpal spear!
You die...

##..####...... #..##
...... #.## .......
###.# ....... #...#
...... ####.###
..... #....# .....
#....#########......
#^_^.†......@g......
#^.^.#########......
#....# ..... #....#
.... #....# ###
######


You could see a gnoll.

Vanquished Creatures
  A dart slug (D:1)
  2 ball pythons (D:1)
  An endoplasm (D:1)
  A goblin (D:1)
  2 hobgoblins (D:1)
  A kobold (D:1)
  2 bats (D:1)
  2 rats (D:1)
12 creatures vanquished.

Notes
Turn   | Place    | Note
-------+----------+-------------------------------------------
     0 | D:1      | StoneEye the Palentonga Berserker began the quest for the
                  | Orb.
     0 | D:1      | Reached XP level 1. HP: 19/19 MP: 1/1
    39 | D:1      | Reached XP level 2. HP: 9/25 MP: 2/2
   270 | D:1      | Found a faded altar of an unknown god.
   305 | D:1      | Slain by a gnoll

Illustrated notes

Levels and vault maps discovered:
D:1:      lightli_arrival_noodles, layout_rooms, ebering_ecumenical_altar_webs,
          serial_park_tiny_2, minmay_tetromino_l2

Action                   || total
-------------------------++-------
Melee: Mace              ||    26
       Tailslap          ||     1
Armor: Animal skin       ||     7
Dodge: Dodged            ||    17
